 Dungeon Crawl Stone Soup version 0.14-a0-445-g388476e (webtiles) character file.

426409 Leibowitz the Ninja (level 24, -12/160 HPs)
             Began as a Kobold Berserker on Oct 29, 2013.
             Was a High Priest of Okawaru.
             Killed from afar by a spectral elf (50 damage)
             ... with a bolt of negative energy
             ... summoned by a spectral elf
             ... summoned by a deep elf death mage
             ... on Level 3 of the Elven Halls on Oct 30, 2013.
             The game lasted 06:18:17 (79017 turns).

Leibowitz the Ninja (Kobold Berserker)             Turns: 79017, Time: 06:18:17

HP -12/160       AC 13     Str 23      XL: 24   Next: 52%
MP  35/35        EV 41     Int  8      God: Okawaru [*****.]
Gold 3484        SH 32     Dex 23      Spells:  2 memorised, 20 levels left

Res.Fire  : . . .   See Invis. : .   a - +7,+9 quick blade
Res.Cold  : + . .   Warding    : .   A - +2 robe "Sehaefett" {Dex-3 Int+3}
Life Prot.: . . .   Conserve   : .   z - +1 shield {AC+3}
Res.Poison: .       Res.Corr.  : +   (no helmet)
Res.Elec. : +       Clarity    : .   d - +0 cloak of Starlight {rElec rC+ EV+4 Stlth-}
Sust.Abil.: . .     Spirit.Shd : .   (no gloves)
Res.Mut.  : .       Stasis     : .   Y - +1 pair of dwarf boots {Stlth+}
Res.Rott. : .       Flight     : .   D - amulet "Graih" {rCorr Str+5}
Saprovore : + + .                    T - ring of invisibility
                                     U - +3,+4 ring of slaying

@: about to teleport, heroism, heavily drained, quite resistant to hostile
enchantments, incredibly stealthy
A: disease resistance, carnivore 3, saprovore 2, AC +2, Dex +2
a: Heroism, Finesse, Renounce Religion, Evoke Invisibility
}: 3/15 runes: serpentine, barnacled, slimy


You were on level 3 of the Elven Halls.
You worshipped Okawaru.
Okawaru was extremely pleased with you.
You were not hungry.

You visited 10 branches of the dungeon, and saw 58 of its levels.
You visited 1 bazaar.
You also visited: Labyrinth.

You collected 5431 gold pieces.
You spent 1967 gold pieces at shops.

Inventory:

Hand weapons
 a - a +7,+9 quick blade (weapon)
 b - the +4 blowgun "Qonn" {evade, Dex+3}
   (You found it in a labyrinth)

   It affects your evasion (+5 to EV).
   It affects your dexterity (+3).
 s - the +0,+13 short sword of a bazaar {vamp, rElec Int+1}
   (Trog gifted it to you on level 3 of the Lair of Beasts)

   It inflicts no extra harm, but heals its wielder somewhat when it strikes a
   living foe.
   It affects your intelligence (+1).
   It insulates you from electricity.
 B - a +4,+2 anti-magic dagger
 O - the +4,+7 sabre of Dullness {venom, +Rage rC+}
   (Okawaru gifted it to you on level 18 of the Dungeon)

   It poisons the flesh of those it strikes.
   It protects you from cold.
   It lets you go berserk.
Missiles
 q - 22 curare-tipped needles
Armour
 d - the +0 cloak of Starlight (worn) {rElec rC+ EV+4 Stlth-}
   (You bought it in a shop in a bazaar)

   It affects your evasion (+4).
   It protects you from cold.
   It insulates you from electricity.
   It makes you much less stealthy.
 g - the +11 storm dragon armour of Starshine {rElec MR++ Int+4}
   (Okawaru gifted it to you on level 6 of the Pits of Slime)

   It affects your intelligence (+4).
   It insulates you from electricity.
   It affects your resistance to hostile enchantments.
 z - a +1 shield of protection (worn)
 A - the cursed +2 robe "Sehaefett" (worn) {Dex-3 Int+3}
   (You found it on level 6 of the Pits of Slime)

   It affects your intelligence (+3).
   It affects your dexterity (-3).
   It has a curse placed upon it.
 H - the +2 leather armour of the Hanged Man {+Blink rPois rF++ MR+ Stlth++}
   (You found it on level 4 of the Dungeon)

   It greatly protects you from fire.
   It protects you from poison.
   It affects your resistance to hostile enchantments.
   It lets you blink.
   It makes you much more stealthy.
 Y - a +1 pair of dwarven boots of stealth (worn)
Magical devices
 f - a wand of heal wounds (6)
 k - a wand of fire (2)
 t - a wand of digging (5)
 v - a wand of confusion (16)
 y - a wand of cold (0)
 C - a wand of disintegration (6)
 J - a wand of teleportation (2)
 K - a wand of lightning (7)
 M - a wand of heal wounds (2)
Comestibles
 L - a meat ration
 N - a royal jelly
Scrolls
 c - a scroll of magic mapping
 e - 4 scrolls of identify
 i - 3 scrolls of fog
 u - a scroll of enchant armour
 w - a scroll of remove curse
 E - 2 scrolls of recharging
 S - a scroll of silence
Jewellery
 j - an uncursed ring of teleportation
 n - an uncursed ring of positive energy
 o - an uncursed ring of protection from magic
 r - an uncursed ring of see invisible
 D - the amulet "Graih" (around neck) {rCorr Str+5}
   (You found it on level 5 of the Shoals)

   [amulet of resist corrosion]

   It affects your strength (+5).
 F - an uncursed ring of protection from cold
 I - an uncursed amulet of resist mutation
 P - the ring "Cyradis" {rF+ Str+3}
   (You found it in a labyrinth)

   [ring of protection from fire]

   It affects your strength (+3).
 Q - an uncursed amulet of clarity
 T - a ring of invisibility (right hand)
 U - a +3,+4 ring of slaying (left hand)
 W - the ring of the City {Hunger rF+ rC+}
   (You found it on level 1 of the Enchanted Forest)

   [ring of hunger]

   It protects you from fire.
   It protects you from cold.
 X - an uncursed ring of flight
Potions
 h - 6 potions of restore abilities
 l - 2 potions of magic
 m - 3 potions of might
 p - 8 potions of curing
 x - a potion of invisibility
 G - 2 potions of agility
 V - a potion of brilliance


   Skills:
 * Level 18.5(19.0) Fighting
 - Level 14.1(15.0) Short Blades
 + Level 5.6(7.2) Armour
 * Level 23.5(22.2) Dodging
 O Level 27(22.2) Stealth
 * Level 13.7(14.6) Shields
 + Level 3.2(0.4) Invocations
 + Level 11.1(7.6) Evocations


You had 20 spell levels left.
You knew the following spells:

 Your Spells              Type           Power        Failure   Level  Hunger
a - Confusing Touch       Hex            #.........   47%         1    ##.....
b - Swiftness             Chrm/Air       #.........   73%         2    ###....


Dungeon Overview and Level Annotations

Branches:
Dungeon (19/27)            Temple (1/1) D:6             Orc (4/4) D:6
    Elf (3/3) Orc:3          Lair (8/8) D:11         Shoals (5/5) Lair:6
  Snake (5/5) Lair:4        Slime (6/6) Lair:7       Vaults (4/5) D:15
   Tomb (0/3) Forest:2     Forest (3/5) Vaults:3
  Blade: Vaults:3-4

Altars:
Ashenzari
Cheibriados
Elyvilon
Fedhas
Kikubaaqudgha
Makhleb
Nemelex Xobeh
Okawaru
Sif Muna
Trog
Vehumet
Xom
Yredelemnul
Zin
the Shining One
Beogh
Jiyva

Shops:
D:10 *!}   D:12 =   D:17 *   Orc:4 [**![   Elf:2 *

Annotations:
Elf:3 1 exclusion


Innate Abilities, Weirdness & Mutations

You recuperate from illness quickly.
You are small and have problems with some larger weapons.
You are carnivorous and can eat meat at any time.
You can eat rotten meat.
You are partially covered in yellow scales (AC +2).
You are agile. (Dex +2)


Message History

The deep elf master archer wields an elven longbow.
The deep elf master archer shoots an arrow of frost.
The arrow of frost hits you!
* * * LOW HITPOINT WARNING * * *
Read which item? (? for menu, Esc to quit)
As you read the scroll of blinking, it crumbles to dust.
A powerful magic interferes with your control of the blink.
You blink.
The spectral elf beckons forth a restless soul!
The deep elf master archer shoots an arrow of frost.
You block the arrow of frost.
Evoke which item? (* to show all) (? for menu, Esc to quit)
Zapping:
M - a wand of heal wounds (3)
Press: ? - help, Shift-Dir - straight line, f - you You feel much better.
This wand has 2 charges left.
The deep elf master archer shoots an arrow of frost.
The arrow of frost misses you. The spectral elf casts a spell at you.
The bolt of negative energy hits you!
You feel drained.
You die...

## ## .# #...
)######.....
..#........
#|#........
##.#..e......
#.[e......⌠..
##@#.........
###:#....e...
#)*W####.....
#*)### #....
.)!%# ##e
##[## #


You could see 2 deep elf master archers, a spectral elf and a lost soul.

Vanquished Creatures
  the royal jelly (Slime:6)
  Saint Roka (Forest:2)
  Mara (Vaults:4)
  Frederick (Vaults:3)
  21 acid blobs
  A deep elf blademaster (Elf:3)
  A lich (Vaults:3)
  A deep elf master archer (Elf:3)
  Polyphemus (Shoals:4)
  A storm dragon (Vaults:3)
  Rupert (Lair:3)
  Agnes (Snake:2)
  Frances (Elf:2)
  Roxanne (Snake:2)
  Ilsuiw (Shoals:5)
  Donald (Snake:4)
  Wiglaf (Elf:2)
  Maud (Snake:1)
  9 deep elf sorcerers
  16 azure jellies
  4 vault wardens
  Aizul (D:17)
  Louise (Elf:2)
  Gastronok (Lair:3)
  Jorgrun (Elf:3)
  An ancient bear (Forest:3)
  4 stone giants
  15 greater nagas
  5 deep elf demonologists (Elf:3)
  7 dire elephants
  5 satyrs
  7 deep elf annihilators
  5 merfolk javelineers (Shoals:5)
  7 elemental wellsprings
  8 merfolk impalers (Shoals:5)
  A minotaur (Lab)
  4 deep elf death magi (Elf:3)
  9 death oozes (Slime:6)
  8 spriggan air magi
  10 vault guards
  A mummy priest (Forest:2)
  6 sirens
  6 yaktaur captains
  6 dragons
  7 great orbs of eyes
  2 merfolk aquamancers (Shoals:5)
  Fannar (Snake:1)
  2 ice dragons
  Harold (D:10)
  6 ironheart preservers
  Josephine (Snake:1)
  16 hydras
  5 deep elf high priests (Elf:3)
  Nessos (Orc:4)
  12 anacondas
  Erica (Lair:4)
  2 ravenous feature mimics
  2 alligator snapping turtles
  3 spriggan berserkers
  10 death yaks
  The ghost of Zurvan the Cleaver, an experienced LOFi of Beogh (Orc:4)
  6 ogre magi
  6 orc high priests (Orc:4)
  A very ugly thing (Vaults:3)
  2 dryads
  19 naga warriors
  Urug (D:15)
  5 water nymphs
  2 iron trolls (Vaults:2)
  A draconian (shapeshifter) (Vaults:4)
  12 centaur warriors
  5 hell knights (Forest:2)
  6 deep elf knights
  2 catoblepae
  4 skeletal warriors (Vaults:1)
  A shadow wraith (Vaults:2)
  5 unseen horrors
  Erolcha (D:11)
  15 sea snakes
  14 giant amoebae
  7 ironbrand convokers
  16 deep elf conjurers
  Pikel (D:9)
  23 fauns
  14 cyclopes
  4 necromancers
  2 deep trolls
  2 flayed ghosts
  Joseph (Orc:4)
  4 shining eyes (Slime:6)
  4 wolf spiders
  6 orc knights
  5 stone giant zombies
  17 hill giants
  13 harpies
  A fire giant zombie (Vaults:1)
  2 red wasps
  6 oklob plants
  4 orc sorcerers
  2 wizards
  3 sphinx skeletons
  5 deep elf summoners
  10 griffons
  A spiny worm (Vaults:4)
  7 stone giant skeletons
  6 elephants (Lair:4)
  A fire giant skeleton (Vaults:1)
  A frost giant skeleton (Vaults:3)
  5 vault sentinels
  25 black mambas
  14 guardian serpents
  An eye of devastation (Slime:6)
  A smoke demon (Orc:4)
  34 yaktaurs
  A mermaid (shapeshifter) (Elf:1)
  8 naga magi
  A small abomination (Vaults:2)
  2 iron troll zombies (Vaults:1)
  An iron devil (Elf:3)
  3 komodo dragons
  8 trolls
  16 mermaids
  A polar bear (Lair:7)
  4 fire drakes
  4 deep elf priests
  18 spriggans
  6 guardian mummies (Forest:2)
  19 spiny frogs
  A wind drake (Forest:2)
  10 thorn lotuses
  A blue devil (Elf:3)
  16 giant fireflies
  4 giant leeches (Lair:8)
  Sonja (D:16)
  3 iron troll skeletons
  8 blink frogs
  A jumping spider (Forest:2)
  18 snapping turtles
  A harpy skeleton (D:18)
  4 boulder beetles
  11 two-headed ogres
  60 slime creatures
  An ice dragon zombie (D:16)
  8 grizzly bears
  3 ettin zombies
  A frost giant simulacrum (Vaults:1)
  2 vampires
  A basilisk (shapeshifter) (Vaults:2)
  10 brown oozes
  14 redbacks
  A griffon skeleton (D:16)
  14 air elementals
  9 basilisks
  13 sharks
  5 ettin skeletons
  6 shadows
  27 water elementals
  A wyvern (D:11)
  A tarantella (shapeshifter) (D:14)
  A dragon skeleton (D:17)
  58 ugly things
  A black mamba skeleton (Snake:1)
  27 golden eyes
  23 deep elf magi
  A hill giant zombie (D:9)
  An elephant slug (Lair:5)
  18 humans (D:15)
  2 wraiths
  2 tarantellas (Forest:1)
  67 yaks
  24 hippogriffs
  A hippogriff (shapeshifter) (Vaults:2)
  22 deep elf fighters
  34 merfolk
  A rock worm (D:16)
  10 wolves
  A hill giant skeleton (D:11)
  17 manticores
  A hungry ghost (D:11)
  Menkaure (D:7)
  8 vampire mosquitoes
  6 mottled dragons
  A soldier ant (shapeshifter) (Vaults:3)
  An orange crystal statue (D:13)
  21 orc warriors
  A deep troll skeleton (Vaults:1)
  A human (shapeshifter) (D:19)
  4 hell hounds (D:18)
  112 nagas
  A yellow wasp (D:12)
  2 boring beetles (shapeshifter)
  17 giant goldfish
  6 ice beasts
  4 phantoms
  34 centaurs
  6 freezing wraiths
  A red wasp simulacrum (Vaults:1)
  7 black bears
  A sky beast (D:15)
  6 crocodiles
  32 ogres
  14 porcupines
  A boring beetle (Lair:4)
  A fire crab zombie (Vaults:1)
  11 wargs
  A big kobold (shapeshifter) (Vaults:1)
  5 big kobolds
  A yaktaur zombie (Vaults:1)
  29 giant frogs
  2 brain worms (D:17)
  A silver statue (D:13)
  A komodo dragon skeleton (D:13)
  A giant slug (shapeshifter) (D:18)
  A deep troll simulacrum (Vaults:3)
  28 water moccasins
  2 cyclops zombies
  2 yaktaur skeletons
  2 cyclops skeletons
  10 giant slugs
  3 boulder beetle zombies
  A rock worm zombie (D:15)
  A troll skeleton (D:15)
  2 pulsating lumps
  24 killer bees
  6 eyes of draining
  A pulsating lump (shapeshifter) (Elf:2)
  A fire bat (D:7)
  8 jellyfish
  13 wights
  6 goliath beetles
  9 hounds
  A quasit (D:11)
  3 electric eels (D:14)
  2 giant frog zombies
  A giant frog skeleton (D:11)
  A basilisk zombie (D:14)
  8 crimson imps
  6 iguanas
  17 jellies
  48 orc priests
  Sigmund (D:4)
  7 big fish
  A centaur skeleton (D:9)
  An iron imp (Snake:5)
  6 scorpions
  35 orc wizards
  10 agate snails
  7 orange rats (Lair:6)
  A shapeshifter simulacrum (D:17)
  12 sheep
  7 worker ants
  A sky beast zombie (D:12)
  Ijyb (D:5)
  6 boggarts
  2 mottled dragon skeletons (D:14)
  An ogre zombie (D:10)
  A steam dragon skeleton (D:6)
  6 giant centipedes
  4 gnolls (D:3)
  39 green rats
  A lemure (Snake:5)
  2 giant mites
  An inept feature mimic (D:3)
  A white imp (Snake:5)
  A goliath beetle zombie (D:6)
  2 worms
  2 adder skeletons (Snake:1)
  2 adder zombies
  A grey rat (Lair:6)
  An iguana skeleton (D:5)
  6 giant eyeballs
  7 giant geckos
  11 oozes
  183 orcs
  52 adders
  A ball python (D:3)
  A bat skeleton (D:4)
  9 giant cockroaches
  26 goblins
  25 hobgoblins
  17 jackals
  32 kobolds
  5 quokkas
  20 bats
  A giant gecko skeleton (D:4)
  11 giant newts
  A giant spore (D:14)
  A jackal zombie (D:5)
  An orc skeleton (D:4)
  An orc zombie (Orc:4)
  32 rats
  4 ballistomycetes
  A crawling corpse (Vaults:2)
  2 plants
  A snaplasher vine (Forest:2)
2437 creatures vanquished.

Vanquished Creatures (collateral kills)
  A hydra (D:10)
  5 death yaks (Lair:7)
  A komodo dragon (Lair:7)
  A hill giant zombie (D:10)
  A hippogriff (D:10)
  A slave (D:9)
  2 ogres (D:10)
  An orc priest (D:10)
13 creatures vanquished.

Vanquished Creatures (others)
  Margery (Forest:2)
  A stone giant (Lair:7)
  A deep elf high priest (Elf:3)
  A centaur warrior (Vaults:4)
  A faun (Forest:2)
  A deep elf conjurer (Elf:1)
  2 guardian serpents (Snake:5)
  A deep elf priest (Elf:3)
  A two-headed ogre (D:9)
  2 deep elf magi (Elf:3)
  A human (D:5)
  A grizzly bear (Forest:2)
  2 ugly things
  A slave (D:9)
  2 orc warriors (Forest:2)
  5 centaurs
  An ogre (Lair:4)
  A jellyfish (Forest:2)
  A crimson imp (Snake:5)
  An iron imp (Snake:5)
  An orange rat (Elf:3)
  A sheep (D:15)
  3 orcs
  2 jackals (D:11)
  A giant spore (D:12)
  4 fungi
  5 plants
  116 snaplasher vine segments (Forest:3)
161 creatures vanquished.

Grand Total: 2611 creatures vanquished

Notes
Turn   | Place    | Note
--------------------------------------------------------------
     0 | D:1      | Leibowitz, the Kobold Berserker, began the quest for the Orb.
     0 | D:1      | Reached XP level 1. HP: 14/14 MP: 0/0
   309 | D:1      | Reached XP level 2. HP: 9/19 MP: 1/1
   992 | D:1      | Reached XP level 3. HP: 24/24 MP: 2/2
  1339 | D:2      | Acquired Trog's second power
  2022 | D:3      | Reached XP level 4. HP: 26/29 MP: 3/3
  2445 | D:3      | Reached skill level 1 in Stealth
  2558 | D:3      | Reached XP level 5. HP: 33/33 MP: 4/4
  2939 | D:4      | Noticed Sigmund
  2951 | D:4      | Killed Sigmund
  3092 | D:4      | Got a warped chain mail
  3105 | D:4      | Identified the -6 chain mail of Amorality {Str+5 Dex+2} (You found it on level 4 of the Dungeon)
  3175 | D:4      | Paralysed by a giant eyeball for 3 turns
  3253 | D:4      | Got a citrine-encrusted leather armour
  3261 | D:4      | Identified the +2 leather armour of the Hanged Man {+Blink rPois rF++ MR+ Stlth++} (You found it on level 4 of the Dungeon)
  3372 | D:4      | Reached XP level 6. HP: 39/39 MP: 5/5
  3655 | D:5      | Entered Level 5 of the Dungeon
  3675 | D:5      | Found an ancient bone altar of Kikubaaqudgha.
  3715 | D:5      | Reached skill level 5 in Dodging
  3950 | D:5      | Acquired Trog's third power
  3983 | D:5      | Found an ancient bone altar of Kikubaaqudgha.
  3983 | D:5      | Noticed a human
  3987 | D:5      | Killed a human
  4060 | D:5      | Reached XP level 7. HP: 43/43 MP: 6/6
  4319 | D:5      | Reached skill level 5 in Short Blades
  4319 | D:5      | Reached skill level 6 in Dodging
  4535 | D:5      | Noticed Ijyb
  4546 | D:5      | Killed Ijyb
  4546 | D:5      | Reached skill level 5 in Stealth
  5001 | D:6      | Found a bloodstained altar of Trog.
  5028 | D:6      | Found a staircase to the Orcish Mines.
  5050 | D:6      | Found a blossoming altar of Fedhas.
  5081 | D:6      | Reached XP level 8. HP: 48/48 MP: 7/7
  5119 | D:6      | Reached skill level 5 in Fighting
  5297 | D:6      | Found a staircase to the Ecumenical Temple.
  5319 | Temple   | Entered the Ecumenical Temple
  5523 | D:6      | Noticed a basilisk
  5523 | D:6      | a sky beast changed into a basilisk
  5536 | D:6      | Killed a basilisk
  5536 | D:6      | Reached skill level 7 in Stealth
  6484 | D:7      | Noticed Menkaure
  6485 | D:7      | Killed Menkaure
  6485 | D:7      | Reached skill level 8 in Stealth
  6485 | D:7      | Reached skill level 1 in Evocations
  6536 | D:7      | Reached XP level 9. HP: 42/54 MP: 9/9
  6565 | D:7      | Found a shimmering altar of Xom.
  6811 | D:7      | Found a burning altar of Makhleb.
  7255 | D:7      | Reached skill level 9 in Stealth
  8204 | D:9      | Noticed a hill giant
  8205 | D:9      | Noticed Pikel
  8933 | D:9      | Reached XP level 10. HP: 56/60 MP: 11/11
  9231 | D:9      | Killed Pikel
  9231 | D:9      | Reached skill level 10 in Dodging
  9231 | D:9      | Reached skill level 10 in Stealth
  9237 | D:9      | Killed a hill giant
  9510 | D:10     | Entered Level 10 of the Dungeon
  9514 | D:10     | Found Relopnets' General Store.
  9552 | D:10     | Noticed Harold
  9561 | D:10     | Killed Harold
  9713 | D:10     | Reached skill level 11 in Dodging
  9747 | D:10     | Found Shriec's Gadget Shop.
  9753 | D:10     | Received a gift from Trog
  9758 | D:10     | Found Taprap's Distillery.
  9819 | D:10     | Bought a potion of mutation for 30 gold pieces
  9890 | D:10     | Reached XP level 11. HP: 67/67 MP: 11/13
  9918 | D:10     | Noticed a hill giant
  9939 | D:10     | Killed a hill giant
 10205 | D:10     | Noticed a hill giant
 10209 | D:10     | Killed a hill giant
 10299 | D:10     | Noticed a five-headed hydra
 10306 | D:10     | Killed a six-headed hydra
 10306 | D:10     | Reached skill level 12 in Stealth
 10641 | D:10     | Noticed a five-headed hydra
 10648 | D:10     | Killed a five-headed hydra
 11542 | D:11     | Noticed a hill giant
 11555 | D:11     | Killed a hill giant
 11855 | D:11     | Found a staircase to the Lair.
 11855 | D:11     | Noticed an oklob plant
 11870 | D:11     | Killed an oklob plant
 11909 | Lair:1   | Entered Level 1 of the Lair of Beasts
 12713 | Lair:2   | Reached skill level 10 in Short Blades
 12714 | Lair:2   | Reached XP level 12. HP: 66/73 MP: 15/15
 12717 | Lair:2   | Reached skill level 13 in Stealth
 12980 | Lair:2   | Received a gift from Trog
 13809 | Lair:2   | Got an ancient plate armour
 14317 | Lair:3   | Noticed Gastronok
 14317 | Lair:3   | Noticed an eight-headed hydra
 14321 | Lair:3   | Killed an eight-headed hydra
 14357 | Lair:3   | Killed Gastronok
 14357 | Lair:3   | Reached skill level 14 in Stealth
 14549 | Lair:3   | Received a gift from Trog
 14553 | Lair:3   | Got a faintly glowing short sword {god gift}
 14765 | Lair:3   | Reached skill level 10 in Fighting
 14790 | Lair:3   | Identified the +0,+13 short sword of a bazaar {vamp, rElec Int+1} (Trog gifted it to you on level 3 of the Lair of Beasts)
 14790 | Lair:3   | Identified the +0,+13 short sword of a bazaar {vamp, rElec Int+1} (Trog gifted it to you on level 3 of the Lair of Beasts)
 14919 | Lair:3   | Noticed Rupert
 14954 | Lair:3   | Killed Rupert
 14997 | Lair:3   | Reached XP level 13. HP: 80/80 MP: 17/17
 15371 | Lair:4   | Reached skill level 15 in Stealth
 15641 | Lair:4   | Noticed Erica
 15795 | Lair:4   | Found a staircase to the Snake Pit.
 16117 | Lair:5   | Found a radiant altar of Vehumet.
 16212 | Lair:5   | Received a gift from Trog
 17166 | Lair:6   | Reached skill level 16 in Stealth
 17339 | Lair:6   | Found a staircase to the Shoals.
 17825 | Lair:6   | Received a gift from Trog
 18183 | Lair:7   | Reached XP level 14. HP: 85/87 MP: 18/18
 18195 | Lair:7   | Found a viscous altar of Jiyva.
 18196 | Lair:7   | Found a staircase to the Slime Pits.
 18333 | Lair:7   | Found a labyrinth entrance.
 18422 | Lab      | Entered a labyrinth
 18611 | Lab      | Reached skill level 17 in Stealth
 18646 | Lab      | Got a pitted granite ring
 18647 | Lab      | Got an ichor-stained blowgun
 18649 | Lab      | Identified the +4 blowgun "Qonn" {evade, Dex+3} (You found it in a labyrinth)
 18649 | Lab      | Identified the +4 blowgun "Qonn" {evade, Dex+3} (You found it in a labyrinth)
 18740 | Lair:7   | Identified the ring "Cyradis" {rF+ Str+3} (You found it in a labyrinth)
 19232 | Lair:7   | Reached skill level 15 in Dodging
 19331 | Lair:8   | Entered Level 8 of the Lair of Beasts
 19468 | Lair:8   | Received a gift from Trog
 19714 | Lair:8   | Reached skill level 18 in Stealth
 20326 | Lair:8   | Identified a scroll of acquirement
 20448 | Lair:8   | Gained mutation: You are agile. (Dex +2) [potion of beneficial mutation]
 20805 | Lair:8   | Received a gift from Trog
 20805 | Lair:8   | Reached XP level 15. HP: 94/94 MP: 20/20
 21338 | Temple   | Fell from the grace of Trog
 21338 | Temple   | Became a worshipper of Warmaster Okawaru
 21395 | Orc:1    | Entered Level 1 of the Orcish Mines
 21605 | Orc:1    | Found a roughly hewn altar of Beogh.
 22486 | Orc:3    | Found a staircase to the Elven Halls.
 22532 | Elf:1    | Entered Level 1 of the Elven Halls
 22564 | Elf:1    | Acquired Okawaru's first power
 22588 | Elf:1    | Noticed a deep elf sorcerer
 22728 | Elf:1    | Killed a deep elf sorcerer
 23382 | Orc:3    | Reached skill level 19 in Stealth
 23744 | Orc:4    | Entered Level 4 of the Orcish Mines
 23744 | Orc:4    | Noticed Joseph
 23782 | Orc:4    | Killed Joseph
 23945 | Orc:4    | Noticed Nessos
 23955 | Orc:4    | Killed Nessos
 24123 | Orc:4    | Found Pripn's General Store.
 24134 | Orc:4    | Found an ancient bone altar of Kikubaaqudgha.
 24157 | Orc:4    | Noticed Zurvan's ghost (experienced LOFi)
 24170 | Orc:4    | Killed Zurvan's ghost
 24194 | Orc:4    | Reached skill level 1 in Shields
 24339 | Orc:4    | Found a bloodstained altar of Trog.
 24535 | Orc:4    | Found Nuqyuwy's Armour Boutique.
 24535 | Orc:4    | Found Erphaqilif's Assorted Antiques.
 24553 | Orc:4    | Learned a level 1 spell: Confusing Touch
 24706 | Orc:4    | Found a roughly hewn altar of Beogh.
 25087 | Orc:4    | Found Idehyl's Distillery.
 25087 | Orc:4    | Found Enoem's Armour Emporium.
 25423 | Orc:4    | Found a bloodstained altar of Trog.
 26281 | Lair:4   | Killed Erica
 26325 | Snake:1  | Entered Level 1 of the Snake Pit
 26572 | Snake:1  | Noticed Josephine
 26586 | Snake:1  | Killed Josephine
 27001 | Snake:1  | Noticed Maud
 27006 | Snake:1  | Killed Maud
 27619 | Snake:1  | Noticed Fannar
 27626 | Snake:1  | Killed Fannar
 27665 | Snake:1  | Acquired Okawaru's second power
 27947 | Snake:2  | Noticed Roxanne
 28146 | Snake:2  | Reached XP level 16. HP: 100/100 MP: 21/21
 28303 | Snake:2  | Noticed Agnes
 28493 | Snake:2  | Killed Agnes
 28496 | Snake:2  | Received a gift from Okawaru
 28760 | Snake:2  | Found a burning altar of Makhleb.
 29030 | Snake:2  | Killed Roxanne
 29032 | Snake:2  | Identified Roxanne's Tome of Earthen Transmutation (You took it off Roxanne on level 2 of the Snake Pit)
 29574 | Snake:3  | Reached skill level 5 in Evocations
 29965 | Snake:3  | Reached skill level 20 in Stealth
 30957 | Snake:4  | Noticed Donald
 31004 | Snake:4  | Killed Donald
 32093 | Snake:4  | Found a glowing golden altar of the Shining One.
 33149 | D:11     | Noticed a five-headed hydra
 33272 | D:11     | Killed a five-headed hydra
 33272 | D:11     | Received a gift from Okawaru
 33292 | D:11     | Got a citrine-encrusted scale mail {god gift}
 33304 | D:11     | Identified the +1 scale mail of the Kettle-Drum {Acc+4 Dam+6} (Okawaru gifted it to you on level 11 of the Dungeon)
 33430 | D:11     | Noticed Erolcha
 33435 | D:11     | Killed Erolcha
 33777 | D:12     | Found Smoih's Jewellery Boutique.
 34815 | D:13     | Reached XP level 17. HP: 106/108 MP: 27/27
 34893 | D:13     | Found a bloodstained altar of Trog.
 35064 | D:14     | Entered Level 14 of the Dungeon
 35357 | D:14     | Gained mutation: You are partially covered in yellow scales (AC +2). [potion of beneficial mutation]
 35794 | D:14     | Learned a level 2 spell: Swiftness
 36373 | D:15     | Entered Level 15 of the Dungeon
 36373 | D:15     | Found a staircase to the Vaults.
 36421 | D:15     | Reached skill level 21 in Stealth
 36423 | D:15     | Reached skill level 5 in Shields
 36438 | D:15     | Received a gift from Okawaru
 36981 | D:15     | Noticed Urug
 36987 | D:15     | Killed Urug
 37306 | Vaults:1 | Entered Level 1 of the Vaults
 39273 | Vaults:1 | Received a gift from Okawaru
 39644 | Vaults:1 | Reached XP level 18. HP: 114/114 MP: 28/29
 40088 | Vaults:1 | Reached skill level 22 in Stealth
 40116 | Vaults:1 | Received a gift from Okawaru
 40131 | Vaults:1 | Got an ancient gold dragon armour {god gift}
 40155 | Vaults:1 | Identified the -5 gold dragon armour of the Dragon {rElec rPois rF+ rC+ rN+} (Okawaru gifted it to you on level 1 of the Vaults)
 40812 | Vaults:1 | Reached skill level 10 in Evocations
 41456 | D:16     | Found a flickering gateway to a bazaar.
 41460 | D:16     | Noticed Sonja
 41468 | Bazaar   | Entered a bazaar
 41468 | Bazaar   | Found Wawier's Antique Weapon Emporium.
 41477 | Bazaar   | Found Xaing's Distillery.
 41499 | Bazaar   | Found Graana Fuoff's Antique Armour Shoppe.
 41511 | Bazaar   | Found Saba's Book Shoppe.
 41534 | Bazaar   | Bought the +0 cloak of Starlight {rElec rC+ EV+4 Stlth-} for 1706 gold pieces
 41563 | Bazaar   | Bought a potion of flight for 33 gold pieces
 41563 | Bazaar   | Bought a potion of curing for 22 gold pieces
 41563 | Bazaar   | Bought a potion of heal wounds for 33 gold pieces
 41563 | Bazaar   | Bought a potion of restore abilities for 33 gold pieces
 41563 | Bazaar   | Bought a potion of heal wounds for 33 gold pieces
 41563 | Bazaar   | Bought a potion of curing for 22 gold pieces
 41563 | Bazaar   | Bought a potion of restore abilities for 33 gold pieces
 41563 | Bazaar   | Bought a potion of curing for 22 gold pieces
 41602 | D:16     | Killed Sonja
 42329 | D:17     | Noticed Aizul
 42340 | D:17     | Killed Aizul
 42342 | D:17     | Found Dausked's Blood Bar.
 43601 | D:18     | Received a gift from Okawaru
 43604 | D:18     | Got a warped sabre {god gift}
 43605 | D:18     | Identified the +4,+7 sabre of Dullness {venom, +Rage rC+} (Okawaru gifted it to you on level 18 of the Dungeon)
 43605 | D:18     | Identified the +4,+7 sabre of Dullness {venom, +Rage rC+} (Okawaru gifted it to you on level 18 of the Dungeon)
 43708 | D:18     | Reached skill level 5 in Armour
 43918 | D:18     | Received a gift from Okawaru
 44175 | D:18     | Reached skill level 23 in Stealth
 44360 | D:19     | Reached XP level 19. HP: 121/121 MP: 29/31
 45065 | Shoals:1 | Entered Level 1 of the Shoals
 45104 | Shoals:1 | Reached skill level 15 in Fighting
 47957 | Shoals:4 | Received a gift from Okawaru
 48397 | Shoals:4 | Noticed Polyphemus
 48409 | Shoals:4 | Killed Polyphemus
 48898 | Shoals:5 | Entered Level 5 of the Shoals
 49743 | Shoals:5 | Got a dull robe
 49751 | Shoals:5 | Identified the cursed +1 robe of Shadows and Fog {MR+ Str+2} (You found it on level 5 of the Shoals)
 49839 | Shoals:5 | Identified the Incunabulum of Helpful Weightlessness
 50088 | Shoals:5 | Noticed Ilsuiw
 50092 | Shoals:5 | Killed Ilsuiw
 50098 | Shoals:5 | Reached skill level 24 in Stealth
 50433 | Shoals:5 | Reached XP level 20. HP: 129/129 MP: 32/32
 50447 | Shoals:5 | Got a barnacled rune of Zot
 50574 | Shoals:5 | Received a gift from Okawaru
 50618 | Shoals:5 | Got a vibrating graven amulet
 50626 | Shoals:5 | Identified the amulet "Graih" {rCorr Str+5} (You found it on level 5 of the Shoals)
 50776 | Shoals:3 | Was forgiven by Trog
 51568 | Elf:1    | Found a white marble altar of Elyvilon.
 52490 | Elf:2    | Found a shimmering altar of Xom.
 52491 | Elf:2    | Noticed Frances
 52498 | Elf:2    | Killed Frances
 52524 | Elf:2    | Noticed Louise
 52564 | Elf:2    | Killed Louise
 52627 | Elf:2    | Noticed Wiglaf
 52630 | Elf:2    | Killed Wiglaf
 52633 | Elf:2    | Found Shredwit's Assorted Antiques.
 53147 | Elf:3    | Entered Level 3 of the Elven Halls
 53155 | Elf:3    | Reached skill level 1 in Invocations
 53211 | Elf:3    | Noticed Jorgrun
 53244 | Elf:3    | Killed Jorgrun
 54498 | Snake:4  | Reached skill level 25 in Stealth
 55148 | Snake:5  | Entered Level 5 of the Snake Pit
 57852 | Snake:5  | Received a gift from Okawaru
 58293 | Snake:5  | Reached XP level 21. HP: 127/136 MP: 32/32
 58485 | Snake:5  | Got a serpentine rune of Zot
 59743 | Vaults:2 | Reached skill level 10 in Shields
 60771 | Vaults:2 | Received a gift from Okawaru
 61333 | Vaults:3 | Found a staircase to the Enchanted Forest.
 61585 | Vaults:3 | Noticed Frederick
 61589 | Vaults:3 | Killed Frederick
 62933 | Vaults:4 | Reached skill level 26 in Stealth
 63226 | Vaults:4 | Received a gift from Okawaru
 63731 | Vaults:3 | Reached XP level 22. HP: 144/144 MP: 33/33
 64001 | Vaults:4 | Noticed Mara
 64009 | Vaults:4 | Killed Mara
 64366 | Forest:1 | Entered Level 1 of the Enchanted Forest
 65501 | Forest:1 | Got a crude tin ring
 65502 | Forest:1 | Identified the ring of the City {Hunger rF+ rC+} (You found it on level 1 of the Enchanted Forest)
 65826 | Forest:1 | Received a gift from Okawaru
 67464 | Forest:2 | Noticed Margery
 67489 | Forest:2 | Noticed Saint Roka
 67509 | Forest:2 | Killed Margery
 67517 | Forest:2 | Killed Saint Roka
 68158 | Forest:2 | Received a gift from Okawaru
 68540 | Forest:2 | Reached XP level 23. HP: 151/151 MP: 34/34
 68556 | Forest:2 | Found a staircase to the Tomb.
 69663 | Forest:3 | Received a gift from Okawaru
 73087 | Slime:1  | Entered Level 1 of the Pits of Slime
 73415 | Slime:3  | Paralysed by a giant eyeball for 3 turns
 75082 | Slime:6  | Entered Level 6 of the Pits of Slime
 75364 | Slime:6  | Reached skill level 27 in Stealth
 75398 | Slime:6  | Received a gift from Okawaru
 75409 | Slime:6  | Got a crude storm dragon armour {god gift}
 75427 | Slime:6  | Identified the +11 storm dragon armour of Starshine {rElec MR++ Int+4} (Okawaru gifted it to you on level 6 of the Pits of Slime)
 75545 | Slime:6  | Reached XP level 24. HP: 150/159 MP: 30/35
 75644 | Slime:6  | Found a viscous altar of Jiyva.
 75719 | Slime:6  | Noticed the royal jelly
 76385 | Slime:6  | Killed the royal jelly
 76908 | Slime:6  | Got an ancient robe
 76916 | Slime:6  | Identified the cursed +2 robe "Sehaefett" {Dex-3 Int+3} (You found it on level 6 of the Pits of Slime)
 76927 | Slime:6  | Identified the Reference Book on the Compass
 77024 | Slime:6  | Got a slimy rune of Zot
 79014 | Elf:3    | Received a gift from Okawaru
 79017 | Elf:3    | Killed from afar by a spectral elf

Action                   |  1- 3 |  4- 6 |  7- 9 | 10-12 | 13-15 | 16-18 | 19-21 | 22-24 || total
-------------------------+-------+-------+-------+-------+-------+-------+-------+-------++-------
Melee: Short sword       |    43 |    27 |   952 |   451 |   327 |       |       |       ||  1800
       Dagger            |    75 |   195 |       |       |       |       |       |       ||   270
       Sabre             |       |       |       |   253 |       |       |       |       ||   253
       Quick blade       |       |       |       |   348 |  1728 |  2553 |  2928 |  2647 || 10204
Throw: Tomahawk          |       |       |    17 |       |     1 |       |       |       ||    18
Invok: Berserk           |     1 |     1 |     3 |     4 |     3 |       |       |       ||    12
       Brothers in Arms  |       |       |       |     4 |     2 |       |       |       ||     6
       Burn Spellbooks   |       |       |       |       |     1 |       |       |       ||     1
       Trog's Hand       |       |       |       |       |     1 |       |       |       ||     1
       Heroism           |       |       |       |       |     2 |     5 |     6 |    18 ||    31
       Finesse           |       |       |       |       |       |       |       |     1 ||     1
 Abil: Evoke Invisibilit |       |       |       |       |    12 |    18 |    30 |     8 ||    68
Evoke: Wand              |       |     2 |    11 |    10 |     9 |     2 |    12 |    20 ||    66
  Use: Potion            |       |       |       |    11 |     4 |    16 |    14 |    15 ||    60
       Scroll            |       |       |       |    17 |    11 |     5 |    14 |     9 ||    56
 Stab: Sleeping          |       |     7 |    24 |    49 |   100 |   143 |   183 |    94 ||   600
       Distracted        |       |     1 |     3 |       |    22 |    12 |    22 |    10 ||    70
       Fleeing           |       |       |       |       |     2 |       |       |     4 ||     6
       Invisible         |       |       |       |       |    36 |   115 |    54 |    23 ||   228
